 Dungeon Crawl Stone Soup version 0.30-a0-989-g0d87f670db (webtiles) character file.

Game seed: 8296316892236256521

2365 DeathPants the Caller (level 9, -2/49 HPs)
             Began as a Vine Stalker Gladiator on Apr 3, 2023.
             Slain by a death yak (9 damage)
             ... on level 7 of the Dungeon.
             The game lasted 00:22:13 (6006 turns).

DeathPants the Caller (Vine Stalker Gladiator)      Turns: 6006, Time: 00:22:14

Health: -2/49      AC:  9    Str: 18    XL:     9   Next: 44%
Magic:  0/20       EV: 13    Int: 10    God:
Gold:   386        SH:  0    Dex: 17    Spells: 18/21 levels left

rFire   + . .      SeeInvis .    a - +2 dagger (venom)
rCold   . . .      Faith    .    (no shield)
rNeg    . . .      Spirit   +    s - +0 robe {rF+}
rPois   .          Reflect  .    c - +1 helmet
rElec   .          Rampage  .    p - +2 cloak {rCorr}
rCorr   +                        z - +0 pair of gloves
Will    +....                    v - +0 pair of boots
Stlth   ++                       (no amulet)
HPRegen 1.08/turn                (no ring)
MPRegen 0.17/turn                (no ring)

@: invisible
A: fangs 3, regeneration 1, magic shield, antimagic bite, no potion heal 2
a: no special abilities


You were on level 7 of the Dungeon.
You visited 2 branches of the dungeon, and saw 9 of its levels.

You collected 386 gold pieces.

Inventory:

Hand Weapons
 a - a +2 dagger of venom (weapon)
 b - a +2 short sword of flaming
 w - a +0 long sword
 C - a +0 scimitar
Missiles
 e - a javelin (quivered)
 j - 6 datura-tipped darts
 q - 10 poisoned darts
 u - 6 boomerangs
Armour
 c - a +1 helmet (worn)
 l - the +0 helmet "Xerphipsecw" {rElec}
   (You took it off Robin on level 2 of the Dungeon)

   rElec:     It insulates you from electricity.
 m - a +3 scale mail of poison resistance
 p - a +2 cloak of preservation (worn)
 s - a +0 robe of fire resistance (worn)
 v - a +0 pair of boots (worn)
 z - a +0 pair of gloves (worn)
Wands
 x - a wand of charming (7)
Scrolls
 h - 3 scrolls of identify
 k - 2 scrolls of teleportation
 t - a scroll of fog
 A - a scroll of fear
 B - a scroll of magic mapping
Potions
 d - a potion of mutation
 f - 2 potions of invisibility
 g - a potion of brilliance
 i - a potion of magic
 n - 3 potions of might
 o - 3 potions of curing
 r - 3 potions of haste


   Skills:
 + Level 6.6 Fighting
 - Level 3.4 Long Blades
 - Level 1.7 Throwing
 - Level 1.0 Armour
 - Level 2.7 Dodging
 + Level 6.6 Spellcasting
 + Level 6.7 Summonings


You had 18 spell levels left.
You knew the following spells:

 Your Spells              Type           Power      Damage    Failure   Level
a - Call Canine Familiar  Summ           16%        N/A       3%          3

Your spell library contained the following spells:

 Spells                   Type           Power      Damage    Failure   Level
 Portal Projectile        Hex/Tloc       6%         N/A       50%         3
 Tukima's Dance           Hex            3%         N/A       50%         3
 Leda's Liquefaction      Hex/Erth       1%         N/A       88%         4
 Blade Hands              Tmut           1%         N/A       99%         5


Dungeon Overview and Level Annotations

Branches:
Dungeon (8/15)             Temple (1/1) D:7
   Lair: D:8-11

Altars:
Ashenzari
Dithmenos
Elyvilon
Hepliaklqana
Kikubaaqudgha
Makhleb
Nemelex Xobeh
Okawaru
Qazlal
Ru
Trog
Uskayaw
Vehumet
Wu Jian
Xom
Yredelemnul
The Shining One

Shops:
D:2 (   D:5 [

Annotations:
D:5 flight
D:6 2 transporters


Innate Abilities, Weirdness & Mutations

You have razor-sharp teeth.
Your natural rate of healing is unusually fast.
When hurt, damage is shared between your health and your magic reserves.
Your bite disrupts and absorbs the magic of your enemies.
Potions cannot restore your health.


Message History

The death yak gores you!
You hit the death yak but do no damage.
The death yak looks as sick as possible!
You bite the death yak. You drain its power.
You feel invigorated.
The death yak is heavily wounded.
The death yak gores you!!
You barely miss the death yak. Your bite misses the death yak.
The death yak is severely wounded.
The death yak barely misses you.
You see here a +0 flail of protection.
The death yak attacks as you move away! The death yak barely misses you.
You barely miss the death yak.
You bite the death yak, but do no damage.
The death yak is severely wounded.
The death yak completely misses you.
You hit the death yak but do no damage.
The death yak is severely wounded.
The death yak closely misses you.
You hit the death yak but do no damage.
The death yak is severely wounded.
You barely miss the death yak.
The death yak is severely wounded.
The death yak gores you! The death yak attacks as you move away!
The death yak gores you. The death yak attacks as you move away!
The death yak closely misses you.
You hit the death yak.
You bite the death yak, but do no damage.
The death yak is almost dead.
The death yak gores you!
* * * LOW HITPOINT WARNING * * *
You hit the death yak but do no damage. Your bite misses the death yak.
The death yak is almost dead.
The death yak gores you but does no damage.
You barely miss the death yak.
The death yak is almost dead.
The death yak gores you!
* * * LOW HITPOINT WARNING * * *
You fade into invisibility!
The death yak gores you!
You die...

# #.###.#########
#.....#@....... ###
#.#..Y...##.# ..#
#.#.#.##.# #.#
#.#.#.# .#
#.###.....## #.#
####.##.......#.#
.#
#.............#.# #
###....##.........#
#.......#......)###


You could see a death yak (unable to see you, very poisoned).

Vanquished Creatures
  A steam dragon (D:7)
  A water moccasin (D:6)
  Edmund (D:6)
  A black bear (D:7)
  An ice beast (D:6)
  An ogre (D:7)
  3 centaurs
  6 bullfrogs
  A scorpion (D:5)
  5 killer bees
  A howler monkey (D:5)
  A jelly (D:4)
  Crazy Yiuf (D:2)
  4 orc priests
  4 hounds
  A sleepcap (D:5)
  Terence (D:2)
  An iguana (D:6)
  5 orc wizards
  Robin (D:2)
  10 adders
  4 gnolls
  A shadow imp (D:5)
  A white imp (D:5)
  An ufetubus (D:4)
  2 worms
  4 dart slugs
  17 orcs
  10 ball pythons
  9 endoplasms
  A giant cockroach (D:3)
  8 hobgoblins
  5 jackals (D:2)
  11 kobolds
  3 quokkas
  2 bats (D:3)
  6 frilled lizards
  16 goblins
  16 rats
168 creatures vanquished.

Vanquished Creatures (others)
  A bullfrog (D:7)
  2 orcs (D:7)
  9 plants (D:1)
12 creatures vanquished.

Grand Total: 180 creatures vanquished

Notes
Turn   | Place    | Note
-------+----------+-------------------------------------------
     0 | D:1      | DeathPants the Vine Stalker Gladiator began the quest for
                  | the Orb.
     0 | D:1      | Reached XP level 1. HP: 11/11 MP: 2/2
    94 | D:1      | Reached XP level 2. HP: 13/15 MP: 3/3
   322 | D:1      | Reached XP level 3. HP: 18/18 MP: 4/4
   852 | D:2      | Reached skill level 1 in Armour
   861 | D:2      | Gained mutation: Your natural rate of healing is unusually
                  | fast. [Vine Stalker growth]
   861 | D:2      | Reached XP level 4. HP: 23/23 MP: 5/5
   879 | D:2      | Learned a level 3 spell: Call Canine Familiar
   944 | D:2      | Identified the +0 helmet "Xerphipsecw" {rElec}
   944 | D:2      | Noticed Robin
   955 | D:2      | Killed Robin
  1038 | D:2      | Noticed Terence
  1047 | D:2      | Killed Terence
  1048 | D:2      | Reached skill level 1 in Spellcasting
  1048 | D:2      | Reached skill level 1 in Summonings
  1140 | D:3      | Reached XP level 5. HP: 27/27 MP: 7/7
  1214 | D:2      | Found Anaybips's Weapon Emporium.
  1431 | D:2      | Found a runed translucent door.
  1432 | D:2      | Noticed Crazy Yiuf
  1445 | D:2      | Killed Crazy Yiuf
  1678 | D:3      | Found a hide-covered altar of Uskayaw.
  1813 | D:3      | Found a faded altar of an unknown god.
  2106 | D:3      | Reached XP level 6. HP: 29/32 MP: 10/10
  2735 | D:5      | Entered Level 5 of the Dungeon
  2850 | D:5      | Reached XP level 7. HP: 21/37 MP: 9/12
  2911 | D:5      | Found Teecorot's Armour Shoppe.
  3814 | D:5      | Found an ornate altar of the Wu Jian Council.
  4149 | D:6      | Gained mutation: You have razor-sharp teeth. [Vine Stalker
                  | growth]
  4149 | D:6      | Reached XP level 8. HP: 42/42 MP: 15/15
  4279 | D:6      | Found a shadowy altar of Dithmenos.
  4400 | D:6      | Noticed Edmund
  4423 | D:6      | Killed Edmund
  4424 | D:6      | Reached skill level 5 in Fighting
  4472 | D:6      | Reached skill level 5 in Spellcasting
  4472 | D:6      | Reached skill level 5 in Summonings
  4961 | D:6      | Found a transporter.
  4965 | D:6      | Found a transporter.
  5331 | D:7      | Found a staircase to the Ecumenical Temple.
  5341 | Temple   | Entered the Ecumenical Temple
  5562 | D:7      | Reached XP level 9. HP: 48/48 MP: 18/18
  5708 | D:7      | Found a stormy altar of Qazlal.
  5964 | D:8      | Noticed a death yak
  6006 | D:7      | Slain by a death yak

Illustrated notes

Levels and vault maps discovered:
D:1:      tarquinn_simple_flora_water_d, layout_basic, lexackson_kobold_supper
D:2:      layout_basic, serial_shops, shop, minivault_14,
          minmay_rat_gold_closets, uniq_robin, uniq_crazy_yiuf_cottage,
          uniq_terence
D:3:      layout_loops_corners, lemuel_doored_altar,
          hellmonk_ecumenical_altar_run_dry, minmay_pentangle
D:4:      layout_loops_ring, chequers_serial_rivers_micro_a, corexii_shack
D:5:      layout_rooms, nicolae_wu_jian_glorious_leap, serial_shops,
          nicolae_stop_n_shop_1
D:6:      gammafunk_steamed_eel, layout_basic, nicolae_dithmenos_the_darkroom,
          uniq_edmund
D:7:      layout_loops_cross, mainiacjoe_overflow_brackets,
          minmay_temple_entry_trees, nrook_loot_triangle
D:8:      layout_basic, kennysheep_little_box, dpeg_lair_monsters
Temple:   nicolae_temple_bog_church

Skill      XL: |  1  2  3  4  5  6  7  8  9 |
---------------+----------------------------+-----
Fighting       | 2 3 4 5 6 |  6.6
Long Blades    | 3 |  3.4
Armour         | 1 |  1.0
Spellcasting   | 1 2 3 4 5 6 |  6.6
Summonings     | 1 2 3 4 5 6 |  6.7
Throwing       | |  1.7
Dodging        | |  2.7

Action                     |  1- 3 |  4- 6 |  7- 9 || total
---------------------------+-------+-------+-------++-------
  Melee: Long sword        |    86 |    82 |       ||   168
         Bite              |    22 |    51 |   122 ||   195
         Punch             |       |     3 |     5 ||     8
         Short sword       |       |   105 |   294 ||   399
         Dagger            |       |       |    48 ||    48
  Throw: Throwing net      |       |     5 |     5 ||    10
    Use: Scroll            |       |    13 |     8 ||    21
         Potion            |       |       |     2 ||     2
   Stab: Held in net/web   |       |     2 |     2 ||     4
         Sleeping          |       |     1 |     3 ||     4
 Armour: Leather armour    |    20 |    22 |       ||    42
         Ring mail         |     8 |       |       ||     8
         Robe              |       |    28 |   122 ||   150
  Dodge: Dodged            |    47 |   119 |   222 ||   388

Table legend: (Time is in decaauts)
 A = Elapsed time spent in this place.
 B = Non-inter-level travel time spent in this place.
 C = Inter-level travel time spent in this place.
 D = Time resting spent in this place.
 E = Time spent auto-exploring this place.
 F = Levels seen in this place.
 G = Mean time per level.
                   A        B        C        D        E       F      G
               +--------+--------+--------+--------+--------+-----+--------+
         Total |   6018 |   5755 |    263 |    253 |   3422 |   9 |  668.7 |
       Dungeon |   5847 |   5595 |    252 |    253 |   3269 |   8 |  730.9 |
        Temple |    171 |    160 |     11 |      0 |    153 |   1 |  171.0 |
               +--------+--------+--------+--------+--------+-----+--------+

Top non-repeatable levels by time:
     D:3: 1141 daAuts
     D:6: 1062 daAuts
     D:2: 899 daAuts
     D:4: 883 daAuts
     D:1: 688 daAuts
     D:5: 646 daAuts
     D:7: 490 daAuts
  Temple: 171 daAuts
     D:8: 35 daAuts
